 Dungeon Crawl Stone Soup version 0.27-a0-1154-gfdeffcb720 (webtiles) character file.

Game seed: 15495337476085966332

62 robertstho the Skirmisher (level 3, -4/34 HPs)
             Began as a Minotaur Monk on May 14, 2021.
             Killed from afar by Sigmund (6 damage)
             ... with a magic dart
             ... on level 2 of the Dungeon.
             The game lasted 00:01:58 (1452 turns).

robertstho the Skirmisher (Minotaur Monk)           Turns: 1452, Time: 00:01:59

Health: -4/34      AC:  6    Str: 16    XL:     3   Next: 85%
Magic:  2/2        EV: 10    Int:  7    God:
Gold:   58         SH:  0    Dex: 12    Spells: 2/2 levels left

rFire    . . .     SeeInvis .   a - +0 hand axe
rCold    . . .     Faith    .   (no shield)
rNeg     . . .     Spirit   .   e - +0 scale mail
rPois    .         Reflect  .   (helmet restricted)
rElec    .         Harm     .   (no cloak)
rCorr    .         Rampage  .   (no gloves)
Will     .....                  (no boots)
Stlth    ..........             (no amulet)
HPRegen  0.11/turn              (no ring)
MPRegen  0.08/turn              (no ring)

@: no status effects
A: horns 2, retaliatory headbutt
a: no special abilities


You were on level 2 of the Dungeon.
You visited 1 branch of the dungeon, and saw 2 of its levels.

You collected 58 gold pieces.

Inventory:

Hand Weapons
 a - a +0 hand axe (weapon)
Armour
 e - a +0 scale mail (worn)
Wands
 f - a wand of flame (12)
Scrolls
 b - a scroll of fear {unknown}
 c - a scroll of teleportation {unknown}
 d - a scroll of immolation {unknown}


   Skills:
 * Level 4.6 Fighting
 + Level 4.3 Axes
 * Level 1.4 Armour
 + Level 3.7 Dodging
 - Level 1.5 Stealth


You had 2 spell levels left.
You didn't know any spells.
Your spell library was empty.

Dungeon Overview and Level Annotations

Branches:
Dungeon (2/15)

Altars:

Annotations:
D:2 Sigmund


Innate Abilities, Weirdness & Mutations

You have a pair of horns on your head.
You reflexively headbutt those who attack you in melee.


Message History

Sigmund hits you from afar with a +0 scythe.
Sigmund casts a spell at you. You resist with significant effort.
You slash Sigmund!
Sigmund is moderately wounded.
Sigmund hits you with a +0 scythe.
You hit Sigmund but do no damage. You headbutt Sigmund, but do no damage.
Sigmund is moderately wounded.
Sigmund misses you.
You aren't carrying any potions.
You closely miss Sigmund.
Sigmund is moderately wounded.
Sigmund barely misses you.
You hit Sigmund but do no damage.
Sigmund is moderately wounded.
Sigmund hits you with a +0 scythe.
You hit Sigmund.
Sigmund is heavily wounded.
Sigmund hits you with a +0 scythe!
You barely miss Sigmund.
Sigmund is heavily wounded.
Sigmund hits you with a +0 scythe.
* * * LOW HITPOINT WARNING * * *
You closely miss Sigmund.
Sigmund is heavily wounded.
Sigmund hits you but does no damage.
You hit Sigmund but do no damage.
Sigmund is heavily wounded.
Sigmund says, "Look into my eyes."
Sigmund hits you with a +0 scythe.
* * * LOW HITPOINT WARNING * * *
You closely miss Sigmund. Your headbutt misses Sigmund.
Sigmund is heavily wounded.
Sigmund casts a spell at you. The magic dart hits you.
* * * LOW HITPOINT WARNING * * *
Sigmund flickers, as though insubstantial.
Sigmund gestures at you while chanting. The magic dart hits you.
You die...

.... ####...........g
#..# #.......##......
#...###:#####.........
#.#.)......##.##...)..
#..........##.########
#.##..#.##.##.# ..
#..#.......# .
#..#.....###
#.@#.#...# #.@#.##.##
....... .# .....##.# #
#..... .. #..... ##
#..... #####.


You could see Sigmund.

Vanquished Creatures
  Robin (D:2)
  An adder (D:2)
  A dart slug (D:2)
  2 endoplasms (D:2)
  12 goblins
  4 hobgoblins
  3 quokkas
  2 ball pythons (D:1)
  4 bats (D:1)
  4 frilled lizards (D:1)
  2 kobolds
  2 rats
38 creatures vanquished.

Notes
Turn   | Place    | Note
-------+----------+-------------------------------------------
     0 | D:1      | robertstho the Minotaur Monk began the quest for the Orb.
     0 | D:1      | Reached XP level 1. HP: 19/19 MP: 0/0
   303 | D:1      | Reached XP level 2. HP: 24/27 MP: 1/1
   932 | D:1      | Reached skill level 1 in Armour
  1050 | D:2      | Reached XP level 3. HP: 28/33 MP: 2/2
  1220 | D:2      | Noticed Robin
  1248 | D:2      | Killed Robin
  1439 | D:2      | Noticed Sigmund
  1452 | D:2      | Killed from afar by Sigmund

Illustrated notes

Levels and vault maps discovered:
D:1:      psy_arrival_terrarium, layout_loops_ring
D:2:      layout_loops_cross, hellmonk_ecumenical_altar_blasted, uniq_sigmund,
          uniq_robin

Skill      XL: |  1  2 |
---------------+-------+-----
Fighting       | 4 |  4.6
Armour         | 1 |  1.4
Axes           | 4 |  4.3
Dodging        | |  3.7
Stealth        | |  1.5

Action                   || total
-------------------------++-------
Melee: Hand axe          ||    82
       Headbutt          ||    11
 Stab: Sleeping          ||     4
Armor: Robe              ||     9
       Scale mail        ||    20
Dodge: Dodged            ||    40

Table legend: (Time is in decaauts)
 A = Elapsed time spent in this place.
 B = Non-inter-level travel time spent in this place.
 C = Inter-level travel time spent in this place.
 D = Time resting spent in this place.
 E = Time spent auto-exploring this place.
 F = Levels seen in this place.
 G = Mean time per level.
                   A        B        C        D        E       F      G
               +--------+--------+--------+--------+--------+-----+--------+
         Total |   1460 |   1396 |     64 |      0 |   1180 |   2 |  730.0 |
       Dungeon |   1460 |   1396 |     64 |      0 |   1180 |   2 |  730.0 |
               +--------+--------+--------+--------+--------+-----+--------+

Top non-repeatable levels by time:
     D:1: 1040 daAuts
     D:2: 419 daAuts
